 Dungeon Crawl Stone Soup version 0.25-a0-1013-g3a3e078 (webtiles) character file.

Game seed: 3499320528300049698, levelgen mode: deterministic

1769 Illumine the Vexing (level 8, 0/46 HPs)
             Began as a Deep Elf Enchanter on May 11, 2020.
             Was an Initiate of Sif Muna.
             Slain by an ice beast (3 damage)
             ... on level 7 of the Dungeon.
             The game lasted 00:18:20 (7419 turns).

Illumine the Vexing (Deep Elf Enchanter)            Turns: 7419, Time: 00:18:20

Health: 0/46       AC:  8    Str:  6    XL:     8   Next: 80%
Magic:  13/19      EV: 15    Int: 22    God:    Sif Muna [......]
Gold:   400        SH:  0    Dex: 15    Spells: 7/19 levels left

rFire    . . .     SeeInvis .   a - +1 dagger
rCold    . . .     Gourm    .   (no shield)
rNeg     + . .     Faith    .   C - +1 robe {rN+}
rPois    .         Spirit   .   r - +2 helmet
rElec    .         Reflect  .   q - +0 cloak
rCorr    .         Harm     .   m - +0 pair of gloves
MR       .....                  (no boots)
Stlth    +++.......             (no amulet)
HPRegen  0.15/turn              (no ring)
MPRegen  0.16/turn              (no ring)

@: no status effects
A: no striking features
a: Renounce Religion


You were on level 7 of the Dungeon.
You worshipped Sif Muna.
Sif Muna was noncommittal.
You were not hungry.

You visited 2 branches of the dungeon, and saw 8 of its levels.

You collected 400 gold pieces.

Inventory:

Hand Weapons
 a - a +1 dagger (weapon)
 g - a +0 hunting sling
Missiles
 h - 186 stones (quivered)
 k - 26 sling bullets
 u - 30 poisoned darts
Armour
 m - a +0 pair of gloves (worn)
 q - a +0 cloak (worn)
 r - a +2 helmet (worn)
 C - a +1 robe of positive energy (worn)
Wands
 e - a wand of paralysis (8)
 t - a wand of iceblast (10)
 w - a wand of clouds (6)
Scrolls
 f - 3 scrolls of blinking {unknown}
 j - a scroll of fog {unknown}
 l - a scroll of noise {unknown}
 n - 7 scrolls of remove curse {unknown}
 o - a scroll of random uselessness {unknown}
 p - 4 scrolls of teleportation
 y - a scroll of enchant weapon {unknown}
Potions
 c - 2 potions of cancellation
 i - 3 potions of heal wounds
 s - a potion of might
 v - 3 potions of haste
 x - a potion of ambrosia {unknown}
 z - 2 potions of curing
 A - a potion of berserk rage {unknown}
Comestibles
 b - 7 chunks of flesh
 d - 10 rations


   Skills:
 + Level 3.0 Fighting
 + Level 4.4 Short Blades
 + Level 5.2 Dodging
 + Level 6.4 Stealth
 + Level 6.4 Spellcasting
 + Level 4.0 Conjurations
 + Level 7.1 Hexes
 - Level 2.2 Ice Magic


You had 7 spell levels left.
You knew the following spells:

 Your Spells              Type           Power        Failure   Level  Hunger
a - Corona                Hex            #####..      1%          1    None
b - Ensorcelled Hibernat  Hex/Ice        ####..       1%          2    None
c - Confusing Touch       Hex            #####...     1%          3    #......
d - Dazzling Flash        Conj/Hex       ####..       2%          3    #......
e - Tukima's Dance        Hex            #####...     1%          3    #......

Your spell library contained the following spells:

 Spells                   Type           Power        Failure   Level  Hunger
 Magic Dart               Conj           ###.         1%          1    None
 Slow                     Hex            #####...     1%          2    None
 Sandblast                Erth           #.....       9%          1    None
 Conjure Flame            Conj/Fire      ###.....     12%         3    #......
 Stone Arrow              Conj/Erth      ###...       12%         3    #......
 Blink                    Tloc           N/A          13%         2    None
 Call Imp                 Summ           #.......     13%         2    None
 Passwall                 Tmut/Erth      #.......     13%         2    None
 Mephitic Cloud           Conj/Pois/Air  ##......     16%         3    #......
 Gell's Gravitas          Tloc           #.........   26%         3    #......
 Metabolic Englaciation   Hex/Ice        ####......   34%         5    #####..
 Yara's Violent Unravell  Hex/Tmut       ###.......   50%         5    #####..
 Petrify                  Tmut/Erth      #.......     65%         4    ###....
 Lee's Rapid Deconstruct  Erth           #.........   94%         5    #####..


Dungeon Overview and Level Annotations

Branches:
Dungeon (7/15)             Temple (1/1) D:6

Altars:
Ashenzari
Cheibriados
Dithmenos
Gozag
Kikubaaqudgha
Makhleb
Qazlal
Ru
Sif Muna
Trog
Vehumet
The Shining One

Shops:
D:4 ?   D:7 ?

Annotations:
D:5 3 runed translucent doors, jtd910's ghost, amateur MiBe
D:7 Dowan; Duvessa; Joseph


Message History

Confirm with . or Enter, or press ? or * to list all spells.
Aiming: Ensorcelled Hibernation (safe; 1% risk of failure)
Press: ? - help, Shift-Dir - straight line, f - ice beast
Aim: an ice beast (not susceptible)
Okay, then.
Duvessa barely misses the ice beast.
Duvessa hits herself but does no damage.
Dowan mumbles some strange words.
Dowan blinks!
There is a large open door here.
There is a large open door here.
Casting: Ensorcelled Hibernation (safe; 1% risk of failure)
Confirm with . or Enter, or press ? or * to list all spells.
Your hands begin to glow red.
The ice beast hits you.
* * * LOW HITPOINT WARNING * * *
The ice beast freezes you!
* * * LOW HITPOINT WARNING * * *
You hit the ice beast but do no damage.
The ice beast appears confused.
The ice beast hits you.
You die...

. ##### #. #....
#.#################### #....
##...........##.......#####....
.............Y@...........+....
###...∩.....##........####....
..............+......÷.######'#
##'########...##.......##......
#8...8######..##...... ##...##
##.##...... #...# #.##......
##.e.########.##......
#8...8#...............


You could see an ice beast (confused).

Vanquished Creatures
  Pikel (D:5)
  Prince Ribbit (D:5)
  Sigmund (D:6)
  An ice beast (D:5)
  A sky beast (D:6)
  A slave (D:5)
  2 centaur skeletons
  2 jellies
  5 hounds
  An iguana (D:6)
  3 orc wizards
  Crazy Yiuf (D:2)
  5 worker ants
  A hound skeleton (D:5)
  Robin (D:2)
  2 howler monkey skeletons (D:5)
  9 adders
  A gnoll (D:1)
  2 shadow imps
  An ooze (D:1)
  An adder skeleton (D:6)
  3 worms
  A leopard gecko (D:3)
  11 orcs
  4 ball pythons
  4 bats
  3 giant cockroaches (D:3)
  13 goblins
  6 hobgoblins
  11 jackals
  4 quokkas
  8 frilled lizards
  5 kobolds
  A leopard gecko skeleton (D:4)
  10 rats
127 creatures vanquished.

Vanquished Creatures (collateral kills)
  An ogre (D:4)
  2 orcs
3 creatures vanquished.

Vanquished Creatures (others)
  A bullfrog skeleton (D:5)
  2 fungi (D:5)
  2 plants (D:5)
5 creatures vanquished.

Grand Total: 135 creatures vanquished

Notes
Turn   | Place    | Note
-------+----------+-------------------------------------------
     0 | D:1      | Illumine the Deep Elf Enchanter began the quest for the
                  | Orb.
     0 | D:1      | Reached XP level 1. HP: 10/10 MP: 6/6
   295 | D:1      | Reached XP level 2. HP: 10/15 MP: 6/8
   318 | D:1      | Learned a level 2 spell: Ensorcelled Hibernation
   817 | D:1      | Reached XP level 3. HP: 19/19 MP: 7/10
  1713 | D:2      | Found an opulent altar of Gozag.
  1776 | D:2      | Reached skill level 1 in Ice Magic
  1776 | D:2      | Reached XP level 4. HP: 24/24 MP: 11/11
  1781 | D:2      | Learned a level 3 spell: Confusing Touch
  1785 | D:2      | Learned a level 3 spell: Dazzling Flash
  1880 | D:2      | Found a runed translucent door.
  1881 | D:2      | Noticed Crazy Yiuf
  1888 | D:2      | Killed Crazy Yiuf
  2267 | D:2      | Noticed Robin
  2272 | D:2      | Killed Robin
  2542 | D:3      | Reached XP level 5. HP: 26/28 MP: 9/13
  2579 | D:3      | Learned a level 3 spell: Tukima's Dance
  2600 | D:3      | Reached skill level 1 in Conjurations
  2731 | D:3      | Reached skill level 5 in Hexes
  3317 | D:4      | Reached skill level 1 in Fighting
  3390 | D:4      | Found Xap Efef's Magic Scroll Emporium.
  3440 | D:4      | Noticed an ogre
  3453 | D:4      | HP: 1/29 [ogre (4)]
  3458 | D:4      | Killed an ogre
  3772 | D:4      | Reached XP level 6. HP: 34/34 MP: 10/14
  4743 | D:5      | Entered Level 5 of the Dungeon
  4916 | D:5      | Found a sacrificial altar of Ru.
  4916 | D:5      | Noticed a slave
  4917 | D:5      | Noticed Pikel
  4948 | D:5      | Noticed a slave
  4953 | D:5      | Killed a slave
  4960 | D:5      | Noticed a slave
  4961 | D:5      | Killed Pikel
  4961 | D:5      | Reached skill level 5 in Stealth
  4961 | D:5      | Reached skill level 5 in Spellcasting
  4961 | D:5      | Reached skill level 6 in Hexes
  4961 | D:5      | Reached XP level 7. HP: 32/40 MP: 2/16
  5310 | D:5      | Found a runed translucent gate.
  5310 | D:5      | Found a runed translucent gate.
  5312 | D:5      | Found a runed translucent gate.
  5312 | D:5      | Noticed jtd910's ghost (amateur MiBe)
  5315 | D:5      | Identified the cursed +1 whip "Fack" {drain, rF++ Dex+3}
  5362 | D:5      | Found a radiant altar of Vehumet.
  5362 | D:5      | Found a snail-covered altar of Cheibriados.
  5362 | D:5      | Found a shadowy altar of Dithmenos.
  5364 | D:5      | Found a shattered altar of Ashenzari.
  5365 | D:5      | Found a stormy altar of Qazlal.
  5485 | D:5      | Noticed Prince Ribbit
  5517 | D:5      | Killed Prince Ribbit
  5517 | D:5      | Reached XP level 8. HP: 27/45 MP: 8/18
  6388 | D:6      | Noticed Sigmund
  6397 | D:6      | Killed Sigmund
  6534 | D:6      | Reached skill level 5 in Dodging
  6591 | D:6      | Reached skill level 7 in Hexes
  6807 | D:6      | Found a staircase to the Ecumenical Temple.
  6813 | Temple   | Entered the Ecumenical Temple
  6824 | Temple   | Became a worshipper of Sif Muna the Loreminder
  7138 | D:7      | Noticed Joseph
  7364 | D:7      | Found Teineoh's Magic Scroll Shop.
  7391 | D:7      | Noticed Duvessa
  7394 | D:7      | Noticed Dowan
  7418 | D:7      | HP: 2/46 [ice beast (8)]
  7419 | D:7      | Slain by an ice beast

Illustrated notes

Levels and vault maps discovered:
D:1:      minmay_arrival_radiant_lines, layout_loops_ring
D:2:      layout_loops_ring, grunt_gozag_breadcrumbs, uniq_robin,
          uniq_crazy_yiuf_cottage
D:3:      layout_loops_ring, first_ration
D:4:      layout_loops_corners, serial_shops, shop, st_stairs_13,
          minmay_misc_feat_four_crosses
D:5:      layout_loops_ring, grunt_temple_overflow_open,
          gammafunk_ghost_nasty_kobolds, nicolae_ru_awakened_eye,
          uniq_prince_ribbit1, uniq_pikel
D:6:      minmay_diamond_boxcup, layout_rooms, temple_statues,
          minmay_diced_spiral, uniq_sigmund
D:7:      cheibrodos_quashed, layout_basic, lemuel_doored_altar,
          gammafunk_temple_overflow_claw, serial_shops, shop,
          serial_corexii_hall, chequers_hall_statues_wall_a,
          chequers_hall_statues_y, chequers_hall_statues_corner_a,
          corexii_hall_statues_t, the_bakery, uniq_duvessa, uniq_joseph
Temple:   dshaligram_water_room_temple

Skill      XL: |  1  2  3  4  5  6  7  8 |
---------------+-------------------------+-----
Stealth        | 4 5 6 |  6.4
Short Blades   | 2 3 4 |  4.4
Ice Magic      | 1 2 |  2.2
Spellcasting   | 4 5 6 |  6.4
Conjurations   | 1 2 3 4 |  4.0
Hexes          | 5 6 7 |  7.1
Fighting       | 1 2 3 |  3.0
Dodging        | 3 4 5 |  5.2

Action                   |  1- 3 |  4- 6 |  7- 9 || total
-------------------------+-------+-------+-------++-------
Melee: Dagger            |   102 |   163 |   122 ||   387
 Fire: Hunting sling     |     8 |     5 |       ||    13
 Cast: Corona            |     8 |     1 |       ||     9
       Ensorcelled Hiber |    13 |    64 |    37 ||   114
       Tukima's Dance    |       |     3 |       ||     3
       Confusing Touch   |       |     4 |     8 ||    12
       Dazzling Flash    |       |       |     2 ||     2
Evoke: Wand              |       |       |     3 ||     3
  Use: Potion            |     2 |       |       ||     2
       Scroll            |       |     3 |     2 ||     5
 Stab: Sleeping          |    17 |    42 |    27 ||    86
       Confused          |       |     2 |     7 ||     9
  Eat: Chunk             |     3 |    11 |     5 ||    19
       Ration            |       |       |     1 ||     1
Armor: Robe              |    14 |    44 |    26 ||    84
Dodge: Dodged            |    79 |    97 |    70 ||   246

Table legend:
 A = Non-vault XP
 B = Vault XP
 C = Vault XP percentage of total XP
 D = Non-vault monster count
 E = Vault monster count
 F = Vault count percentage of total count
                 A         B        C        D         E       F
            +---------+---------+-------+---------+---------+-------
      Total |    1051 |    1477 |  58.4 |     107 |      22 |  17.1
            +---------+---------+-------+---------+---------+-------
        D:1 |      47 |       0 |   0.0 |      19 |       0 |   0.0
        D:2 |      74 |      68 |  47.9 |      22 |      10 |  31.2
        D:3 |      42 |       0 |   0.0 |      21 |       0 |   0.0
        D:4 |     258 |       0 |   0.0 |      15 |       0 |   0.0
        D:5 |     438 |     817 |  65.1 |      17 |       2 |  10.5
        D:6 |     131 |     592 |  81.9 |       5 |      10 |  66.7
        D:7 |      61 |       0 |   0.0 |       8 |       0 |   0.0
            +---------+---------+-------+---------+---------+-------
